 Dungeon Crawl Stone Soup version 0.29.0-4-gdea44cf6ec (webtiles) character file.

Game seed: 13807992452229005133

23 qw the Chopper (level 3, -10/21 HPs)
             Began as a Tengu Warper on Aug 28, 2022.
             Killed by nerve-wracking pain
             ... invoked by Jessica
              (11 damage)
             ... on level 2 of the Dungeon.
             The game lasted 00:00:04 (1037 turns).

qw the Chopper (Tengu Warper)                       Turns: 1037, Time: 00:00:04

Health: -10/21     AC:  5    Str: 13    XL:     3   Next: 0%
Magic:  0/7        EV: 11    Int: 13    God:
Gold:   50         SH:  0    Dex: 13    Spells: 6/6 levels left

rFire   . . .      SeeInvis .   Y - +0 hand axe
rCold   . . .      Faith    .   (no shield)
rNeg    . . .      Spirit   +   h - +0 ring mail
rPois   .          Reflect  .   (helmet restricted)
rElec   .          Harm     .   (no cloak)
rCorr   .          Rampage  .   (no gloves)
Will    .....                   (boots unavailable)
Stlth   +.........              d - amulet of guardian spirit
HPRegen 0.07/turn               (no ring)
MPRegen 0.10/turn               (no ring)

@: about to teleport
A: beak, talons 3
a: no special abilities


You were on level 2 of the Dungeon.
You visited 1 branch of the dungeon, and saw 2 of its levels.

You collected 50 gold pieces.


Innate Abilities, Weirdness & Mutations

You have a beak for a mouth.
You have claws for feet.


   Skills:
 - Level 2.0 Fighting
 + Level 3.7 Axes
 - Level 1.0 Throwing
 - Level 1.1 Armour
 - Level 2.1 Dodging
 - Level 2.0 Spellcasting
 - Level 2.4 Translocations


You had 6 spell levels left.
You didn't know any spells.
Your spell library contained the following spells:

 Spells                   Type           Power      Damage    Failure   Level
 Blink                    Tloc           14%        N/A       30%         2
 Gell's Gravitas          Tloc           7%         N/A       52%         3
 Lesser Beckoning         Tloc           7%         N/A       52%         3
 Teleport Other           Tloc           7%         N/A       52%         3
 Manifold Assault         Tloc           7%         N/A       99%         5

Inventory:

Hand Weapons
 g - a +0 club
 Y - a +0 hand axe (weapon)
Missiles
 f - 3 boomerangs (quivered)
Armour
 h - a +0 ring mail (worn)
Jewellery
 d - an amulet of guardian spirit (around neck)
Scrolls
 i - a scroll of teleportation

Dungeon Overview and Level Annotations

Branches:
Dungeon (2/15)

Altars:

Annotations:
D:2 Jessica, Sigmund


Message History

Deactivating autopickup; reactivate with Ctrl-A.
You swing at nothing.
Something tries to affect you, but you resist.
You swing at nothing.
You swing at nothing.
Found an amethyst potion.
A magic dart appears from out of thin air!
The magic dart hits you.
Jessica mumbles some strange words.
Jessica blinks!
You hear an angry hiss.
A frilled lizard comes into view.
Jessica barely misses you.
You see here 12 gold pieces.
You closely miss Jessica.
A magic dart appears from out of thin air!
The magic dart hits you. Jessica hits you but does no damage.
You hit Jessica. Your kick misses Jessica. Your peck misses Jessica.
Jessica is heavily wounded.
Jessica hits you with a +0 dagger.
You completely miss Jessica. Your peck misses Jessica.
Jessica is heavily wounded.
Something hits you! Jessica hits you with a +0 dagger.
1035 ||| READING 2 scrolls of teleportation.
As you read the scroll of teleportation, it crumbles to dust.
You feel strangely unstable. Jessica casts a spell at you.
You barely resist. Something hits you.
You hit Jessica.
Jessica is heavily wounded.
Jessica hits you with a +0 dagger.
You hit Jessica. Your kick misses Jessica. Your peck misses Jessica.
Jessica is severely wounded.
Something hits you but does no damage.
Jessica gestures wildly while chanting.
Jessica seems to speed up.
The frilled lizard closely misses you. Jessica casts a spell at you.
Pain shoots through your body!
Ouch! That really hurt!
You die...

#! #. ## .# ######.####
#.... #.........###.. .#
..........#...#..#
............###.#
............#...
............#.##########
.....{l@...............#
.......@..........<.....
..............##########
..............#
#.............#
#####......<..#
#...........
#.........## .......


You could see Jessica (fast) and a frilled lizard.

Vanquished Creatures
  A dart slug (D:1)
  A bat (D:1)
  An endoplasm (D:1)
  A giant cockroach (D:1)
  4 goblins (D:1)
  4 kobolds (D:1)
  3 quokkas (D:1)
  2 frilled lizards (D:1)
  3 rats (D:1)
20 creatures vanquished.

Notes
Turn   | Place    | Note
-------+----------+-------------------------------------------
     0 | D:1      | qw the Tengu Warper began the quest for the Orb.
     0 | D:1      | Reached XP level 1. HP: 12/12 MP: 4/4
     0 | D:1      | 0 ||| qw: Version: 0.1-a-89-g26bdef1
     0 | D:1      | 0 ||| qw: Game counter: 634
     0 | D:1      | 0 ||| qw: Always use a shield: true
     0 | D:1      | 0 ||| qw: God list: Okawaru
     0 | D:1      | 0 ||| qw: Allow faded altars: false
     0 | D:1      | 0 ||| qw: Do Orc after D:15 true
     0 | D:1      | 0 ||| qw: Do second Lair branch before Depths: true
     0 | D:1      | 0 ||| qw: Lair rune preference: random
     0 | D:1      | 0 ||| qw: Plans: Normal
     0 | D:1      | 0 ||| PLANNING D:1-11
   305 | D:1      | Reached XP level 2. HP: 17/17 MP: 6/6
   419 | D:1      | Reached skill level 3 in Axes
   692 | D:1      | 692 ||| Stepping ~*~*~tactically~*~*~ (stealth).
   786 | D:1      | Reached XP level 3. HP: 21/21 MP: 7/7
   973 | D:1      | 973 ||| UPGRADING to +0 ring mail.
   983 | D:1      | 983 ||| DROPPING +0 leather armour.
   984 | D:1      | 984 ||| UPGRADING to amulet of guardian spirit.
   989 | D:1      | 989 ||| READING scroll labelled QOSUFR LONOX.
   990 | D:1      | 990 ||| READING 3 scrolls labelled LYOSAOCZ XILUZUM.
   994 | D:1      | 994 ||| DROPPING scroll of blinking.
  1025 | D:2      | Noticed Jessica
  1026 | D:2      | Noticed Sigmund
  1034 | D:2      | HP: 4/21 [something (6)]
  1035 | D:2      | 1035 ||| READING 2 scrolls of teleportation.
  1035 | D:2      | HP: 1/21 [something (1)]
  1037 | D:2      | Killed from afar by Jessica

Levels and vault maps discovered:
D:1:      minmay_arrival_widening_spiral_wide, layout_basic
D:2:      layout_rooms, uniq_crazy_yiuf_cottage, uniq_jessica, uniq_sigmund

Skill      XL: |  1  2 |
---------------+-------+-----
Axes           | 3 |  3.7
Fighting       | |  2.0
Throwing       | |  1.0
Armour         | |  1.1
Dodging        | |  2.1
Spellcasting   | |  2.0
Translocations | |  2.4

Action                   || total
-------------------------++-------
Melee: Hand axe          ||    29
       Peck              ||     4
       Kick              ||     6
Throw: Boomerang         ||    28
  Use: Scroll            ||     3
Armor: Leather armour    ||    10
       Ring mail         ||     2
Dodge: Dodged            ||     8

Table legend:
 A = Non-vault XP
 B = Vault XP
 C = Vault XP percentage of total XP
 D = Non-vault monster count
 E = Vault monster count
 F = Vault count percentage of total count
                 A         B        C        D         E       F
            +---------+---------+-------+---------+---------+-------
      Total |      34 |       0 |   0.0 |      20 |       0 |   0.0
            +---------+---------+-------+---------+---------+-------
        D:1 |      34 |       0 |   0.0 |      20 |       0 |   0.0
            +---------+---------+-------+---------+---------+-------
